[Event "*** SCC Grand Prix: Titled Tuesday Blitz"]
[Site "Chess.com"]
[Date "2020.06.02"]
[Round "3"]
[White "Leonid_Starozhilov"]
[Black "sunofadawn"]
[Result "1-0"]
[WhiteElo "2724"]
[BlackElo "2361"]
[TimeControl "180+1"]
[EndTime "10:30:07 PDT"]
[Termination "Leonid_Starozhilov won by checkmate"]

1. e4 e5 2. Nf3 Nc6 3. Bc4 Bc5 4. d3 Nf6 5. Nc3 a6 6. Be3 Bxe3 7. fxe3 d6 8. O-O Be6 9. Bb3 O-O 10. Qd2 Qd7 11.
h3 Rad8 12. Bd5 Bxd5 13. exd5 Ne7 14. e4 Ng6 15. Rf2 h6 16. Raf1 Nh5 17. Ne2 Rde8 18. Nh2 Nhf4 19. Ng3 Nh4 20. Nf3 Nhxg2 21. Rxg2 Qxh3 22. Nf5 Qxg2+ 23. Qxg2 Nxg2 24. Kxg2 Kh7 25. Rh1 Rh8 26. Kf2 Kg8 27. Ke3 h5 28. c4 g6 29. N5h4 Kg7 30. Rg1 c5 31. dxc6 bxc6 32. Nf5+ Kf6 33. Nxd6 Rb8 34. b3 c5 35. Ng5 h4 36.
Ndxf7 Rh5 37. Rf1+ Kg7 38. Ne6+ Kg8 39. Nfg5 h3 40.
Rh1 h2 41. Nf3 Rc8 42. Rxh2 Rxh2 43. Nxh2 Kf7 44. Ng5+ Kf6 45. Ngf3 Ke6 46. Ng4 Rh8 47. Ngxe5 g5 48. Ng4 Rh3 49. Kf2 Rh5 50. a3 a5 51.
d4 cxd4 52. Nxd4+ Kd6 53. Nf3 a4 54. bxa4 Kc5 55. e5 Kxc4 56. e6 Rh6 57. Nxh6 g4 58.
Ng5 g3+ 59. Kxg3 Kb3 60. e7 Kxa4 61. Nh7 Kxa3 62. e8=Q Kb4 63. Qc8 Kb5 64. Kf4 Kb6 65.
Ke5 Kb5 66. Kd5 Kb6 67. Qc5+ Ka6 68. Qb4 Ka7 69. Kc6 Ka8 70. Qb7# 1-0

[Event "*** SCC Grand Prix: Titled Tuesday Blitz"]
[Site "Chess.com"]
[Date "2020.06.02"]
[Round "3"]
[White "AlexTriapishko"]
[Black "Micki-taryan"]
[Result "0-1"]
[WhiteElo "2705"]
[BlackElo "3047"]
[TimeControl "180+1"]
[EndTime "10:30:08 PDT"]
[Termination "Micki-taryan won on time"]

1. e4 e5 2. Nf3 Nc6 3. Bb5 Nf6 4. O-O Nxe4 5. Re1 Nd6 6. Nxe5 Be7 7. Bf1 Nxe5 8.
Rxe5 O-O 9. Nc3 Ne8 10. Nd5 Bd6 11. Re1 c6 12. Ne3 f5 13. d4 Bc7 14. Nc4 Kh8 15.
c3 Nf6 16. Qf3 Ng4 17. Bf4 d6 18. h3 Nf6 19. Bd3 Nd5 20. Bh2 b5 21. Ne3 Be6 22. Bxb5 f4 23. Nf1 Bd7 24. Bd3 Rb8 25. Re2 Qg5 26. Rae1 h5 27. Nd2 Rxb2 28. Ne4 Rxe2 29. Bxe2 Qh6 30. Qxh5 Re8 31. Qxh6+ gxh6 32. Bh5 Re7 33.
f3 Bf5 34. c4 Nf6 35. Bg4 Bxe4 36. fxe4 Bb6 37. Bxf4 Bxd4+ 38. Kh2 Be5 39. Bxe5 Rxe5 40. Bf3 d5 41. cxd5 cxd5 42. Kg3 dxe4 43. Kf4 Ra5 44. Bxe4 Rxa2 45. Bf3 Kg7 46. Re7+ Kg6 47. h4 Ra4+ 48. Kg3 a5 49. Re5 Ra3 50. h5+ Kf7 51. Kf4 Ra1 52.
g4 Nd7 53. Bd5+ Kf8 54. Re6 Rd1 55. Bf3 Rd4+ 56. Ke3 Rb4 57. Rxh6 Ne5 0-1

[Event "*** SCC Grand Prix: Titled Tuesday Blitz"]
[Site "Chess.com"]
[Date "2020.06.02"]
[Round "3"]
[White "Ave_Mariia"]
[Black "crywolf1986"]
[Result "1/2-1/2"]
[WhiteElo "2294"]
[BlackElo "2496"]
[TimeControl "180+1"]
[EndTime "10:30:08 PDT"]
[Termination "Game drawn by stalemate"]

1. c4 e6 2. g3 d5 3. Nf3 Nf6 4. Bg2 Be7 5. d4 O-O 6. O-O c6 7. Qc2 b6 8. Nbd2 Nbd7 9. e4 Ba6 10. e5 Ne8 11. Rd1 Rc8 12. b3 c5 13. Bb2 cxd4 14. Nxd4 Nxe5 15. Nxe6 fxe6 16. Bxe5 Bc5 17. Nf3 Nf6 18.
Ng5 Qe7 19. Bxf6 gxf6 20. Nh3 dxc4 21. bxc4 e5 22. Bd5+ Kh8 23. Qf5 Bd4 24. Rac1 Rcd8 25.
Nf4 Bc8 26. Qh5 Bxf2+ 27. Kxf2 exf4 28. gxf4 Qe8 29. Qh6 Qg6 30. Qh4 Qg4 31. Qxg4 Bxg4 32. Kg3 Bxd1 33. Rxd1 Rfe8 34. Kg4 Re4 35. Kf5 Rxc4 36.
Kxf6 Rc5 37. Ke6 Re8+ 38. Kd7 Rf8 39. Rd4 Kg7 40. Be6 Kf6 41. f5 Rfc8 42. Rg4 R5c7+ 43. Kd6 Rc6+ 44. Kd7 R8c7+ 45. Kd8 Rc5 46. Ke8 Rg7 47.
Rxg7 Kxg7 48. Ke7 Rc7+ 49. Bd7 Rc2 50. f6+ Kg6 51. f7 Re2+ 52. Be6 Rf2 53. f8=Q Rxf8 54.
Kxf8 Kf6 55. Bg8 h5 56. Bb3 h4 57. h3 Ke5 58. Kg7 b5 59. Kg6 Kf4 60. Kh5 Kg3 61.
Be6 a5 62. Kg5 b4 63. Bd7 a4 64. Bxa4 Kxh3 65. Bd7+ Kg3 66. Kf6 h3 67. Bxh3 Kxh3 68. Ke5 Kg4 69. Kd4 Kf5 70. Kc4 Ke6 71. Kxb4 Kd7 72. Kb5 Kc8 73. Kb6 Kb8 74. a4 Ka8 75. a5 Kb8 76. a6 Ka8 77. a7 1/2-1/2

[Event "*** SCC Grand Prix: Titled Tuesday Blitz"]
[Site "Chess.com"]
[Date "2020.06.02"]
[Round "3"]
[White "BelaKis"]
[Black "AshotParvanyan"]
[Result "1-0"]
[WhiteElo "2210"]
[BlackElo "2424"]
[TimeControl "180+1"]
[EndTime "10:30:08 PDT"]
[Termination "BelaKis won on time"]

1. Nf3 Nf6 2. g3 g6 3. Bg2 Bg7 4. O-O O-O 5. c4 d6 6. Nc3 c5 7.
Rb1 Nc6 8. a3 a6 9. b4 cxb4 10.
axb4 Rb8 11. b5 Na5 12. d3 axb5 13. Nxb5 b6 14. Bd2 Nc6 15. Nfd4 Nxd4 16. Nxd4 Bb7 17. Nc6 Bxc6 18. Bxc6 Qc7 19. Bg2 Nd7 20. Rb5 Nc5 21. Qb1 Ne6 22. e3 Nc5 23. Rc1 Rfc8 24. d4 Nd7 25.
Qb3 e5 26. dxe5 dxe5 27. Bd5 Nc5 28. Qb1 Qa7 29. Bb4 Na6 30. Bc3 Nc7 31. Qb3 Nxb5 32. cxb5 Qe7 33. Rd1 e4 34. Bxg7 Kxg7 35. Rd4 Rd8 36.
Rxe4 Qd7 37. Rd4 Qe7 38. Kg2 Rd7 39. e4 Rbd8 40. Ra4 Qc5 41. Qb2+ Kg8 42. Rd4 Rd6 43.
Qd2 Re8 44. Qd3 Rf6 45. h4 Qd6 46. h5 Qe5 47. hxg6 hxg6 48. Ra4 Kg7 49. Qd4 Qxd4 50.
Rxd4 Rd6 51. f4 f6 52. Kf3 Rc8 53. Ke3 Rc5 54. Bc6 Rxd4 55. Kxd4 Rc1 56. e5 Rd1+ 57. Kc4 fxe5 58. fxe5 Kf7 59. Bd5+ Ke7 60. Be4 Re1 61.
Bxg6 Rxe5 62. g4 Rg5 63. Bf5 Rg8 64. Kd5 Ra8 65. Kc6 Ra1 66. Kxb6 Kd6 67. g5 Rb1 68. Bxb1 1-0

[Event "*** SCC Grand Prix: Titled Tuesday Blitz"]
[Site "Chess.com"]
[Date "2020.06.02"]
[Round "3"]
[White "Savva09022009"]
[Black "SirMittensofMittensville"]
[Result "0-1"]
[WhiteElo "2394"]
[BlackElo "2603"]
[TimeControl "180+1"]
[EndTime "10:30:12 PDT"]
[Termination "SirMittensofMittensville won by resignation"]

1. d4 Nf6 2. Nc3 e6 3. Bf4 Bb4 4.
e3 Nd5 5. Ne2 Nxf4 6. Nxf4 d5 7.
Bd3 O-O 8. O-O c5 9. a3 Bxc3 10.
bxc3 Qc7 11. Nh5 e5 12. f4 exd4 13. cxd4 c4 14. Be2 Re8 15. Qd2 Nc6 16. Bf3 Qd6 17. Qf2 Bf5 18. g4 Be4 19. Ng3 Bxf3 20. Qxf3 g6 21. f5 Re7 22. f6 Re6 23. g5 Rae8 24.
Qg4 Rxe3 25. Qh4 c3 26. Rf2 Kh8 27. Raf1 Qxa3 28. Rf4 Qd6 29. Qh3 Qf8 30. Rh4 Qg8 31. Qg2 Rd8 32. Qh3 a5 33. Rb1 Rb8 34. Ra1 b5 35.
Qd7 Re6 36. Qc7 b4 37. Rf4 Qf8 38. Kf2 Kg8 39. Rh4 Qd6 40. Qxd6 Rxd6 41. Rf4 Re6 42. Kf1 Rbe8 43. Rf2 Re3 44. Rg2 Rf3+ 45. Rf2 Rxf2+ 46. Kxf2 Rf8 47. Ke3 Re8+ 48. Kd3 Kf8 49. Ra2 Re1 50.
h4 Ke8 51. h5 Kd7 52. hxg6 hxg6 53. Ne2 Rxe2 54. Kxe2 Kc7 55. Kd3 Kb6 56. Ra1 Kb5 57.
Rh1 a4 58. Ke2 b3 59. cxb3 axb3 60. Kd3 Kb4 61. Rh7 b2 62. Kc2 Nxd4+ 63. Kb1 Kb3 64. Rh3 Nf5 65. Rf3 Nd6 66. Rh3 Kc4 67. Kc2 d4 68. Rg3 d3+ 69. Rxd3 b1=Q+ 70. Kxb1 Kxd3 71. Kc1 c2 0-1

[Event "*** SCC Grand Prix: Titled Tuesday Blitz"]
[Site "Chess.com"]
[Date "2020.06.02"]
[Round "3"]
[White "Squirlolz"]
[Black "Blitzking642"]
[Result "0-1"]
[WhiteElo "2496"]
[BlackElo "2309"]
[TimeControl "180+1"]
[EndTime "10:30:12 PDT"]
[Termination "Blitzking642 won on time"]

1. c4 c5 2. Nf3 Nc6 3. Nc3 g6 4. e3 Nf6 5. d4 cxd4 6. exd4 d5 7.
cxd5 Nxd5 8. Qb3 Nxc3 9. Bc4 Nd5 10. Bxd5 e6 11. Bxc6+ bxc6 12. O-O Qd5 13. Qe3 Bg7 14.
Bd2 O-O 15. Rfc1 Bb7 16. Rc5 Qd6 17. Bb4 Rfd8 18. Rd1 Bf8 19. Ba3 Qd7 20. Ra5 Qc7 21. Bxf8 Rxf8 22. Rc5 Rad8 23. h4 h5 24. Qh6 Rfe8 25. Ng5 Rd5 26. Qh7+ Kf8 27. Qh8+ Ke7 28.
Qg7 Qf4 29. Rxd5 cxd5 30. g3 Qf6 31. Qxf6+ Kxf6 32. Rc1 Rc8 33. Rxc8 Bxc8 34. f4 Ke7 35.
Kf2 f6 36. Nf3 Kd6 37. Ke3 Ba6 38. Kd2 Bc4 39. b3 Bb5 40. Kc3 a5 41. Ne1 e5 42.
fxe5+ fxe5 43. dxe5+ Kxe5 44. a4 Ba6 45. b4 axb4+ 46.
Kxb4 Ke4 47. Ka5 Be2 48. Kb6 d4 49. a5 d3 50. a6 d2 51. a7 dxe1=Q 52. a8=Q+ Ke3 53.
Qe8+ Kf3 54. Qxg6 Kg2 55. Kc5 Qxg3 56. Qf6 Qf3 57. Qg5+ Qg4 58. Qe7 Bf3 59. Kd6 Qd4+ 60. Kc7 Qc3+ 0-1

[Event "*** SCC Grand Prix: Titled Tuesday Blitz"]
[Site "Chess.com"]
[Date "2020.06.02"]
[Round "3"]
[White "luizwas"]
[Black "AniJak"]
[Result "0-1"]
[WhiteElo "1849"]
[BlackElo "2246"]
[TimeControl "180+1"]
[EndTime "10:30:12 PDT"]
[Termination "AniJak won by resignation"]

1. e4 c6 2. d4 d5 3. exd5 cxd5 4. Bd3 Nc6 5. c3 Nf6 6. Nf3 Bg4 7. Bg5 e6 8. Nbd2 Be7 9. Qc2 h6 10. Be3 a6 11. h3 Bxf3 12. Nxf3 b5 13. g4 Rc8 14. a3 Na5 15. Ne5 Nc4 16. Bxc4 dxc4 17. f4 Nd5 18.
Bd2 Bh4+ 19. Kd1 a5 20. f5 exf5 21. Qxf5 O-O 22. Rf1 Rc7 23. Qh5 Bg5 24. h4 Bxd2 25. Kxd2 Nf6 26. Qf5 Qd5 27. g5 Qg2+ 28. Rf2 Ne4+ 29.
Ke3 Qxf2+ 30. Qxf2 Nxf2 31. Kxf2 hxg5 32. h5 f6 33. Ng6 Re8 34. d5 Rd7 35. Rd1 Red8 36. Kf3 Kf7 37. Ke4 Re8+ 38. Kf5 Re2 39. Kg4 Rxb2 40. d6 Re2 41. Kf5 b4 42. Nh8+ Kg8 43.
Ng6 bxc3 44. Rb1 Re8 45. Ne7+ Rdxe7 46. dxe7 Rxe7 47. Kg6 Re8 48. Rc1 Rd8 49. Rxc3 Rc8 50. a4 g4 51. h6 gxh6 52. Kxh6 Kf7 53. Kh5 g3 54. Rxg3 c3 55. Rg1 c2 56. Rc1 Ke6 57.
Kg4 Ke5 58. Kf3 Kd4 59. Ke2 f5 60. Kd2 f4 61. Rh1 c1=Q+ 62. Rxc1 Rxc1 63. Kxc1 Kd3 64. Kd1 Kc3 65. Ke1 Kb3 66. Kf2 Kxa4 67. Kf3 Kb3 68. Kxf4 a4 69. Ke3 a3 70. Kd2 a2 71. Kc1 a1=Q+ 72. Kd2 Kc4 73. Ke3 Qd4+ 0-1

[Event "*** SCC Grand Prix: Titled Tuesday Blitz"]
[Site "Chess.com"]
[Date "2020.06.02"]
[Round "3"]
[White "Gahan-MG"]
[Black "manmanlai1"]
[Result "0-1"]
[WhiteElo "2525"]
[BlackElo "2365"]
[TimeControl "180+1"]
[EndTime "10:30:13 PDT"]
[Termination "manmanlai1 won by resignation"]

1. e4 c5 2. Nf3 e6 3. c3 Nf6 4. e5 Nd5 5. d4 cxd4 6. cxd4 b6 7. Qa4 Bb7 8. Bd3 Be7 9. a3 O-O 10. O-O d6 11. Re1 Nd7 12. Qc2 h6 13. Qe2 Re8 14.
Qe4 Nf8 15. Qg4 Kh8 16. Qh5 Kg8 17. Bxh6 gxh6 18. Qxh6 dxe5 19. Rxe5 Bf6 20. Rh5 Bg7 21. Rg5 Qf6 22. Qh4 Nf4 23. Bf1 N8g6 24. Qg3 Bxf3 25. gxf3 Rad8 26. Nc3 Rxd4 27. Ne4 Qd8 28. h4 Rd1 29.
Rxd1 Qxd1 30. Nc3 Bxc3 31. Qxf4 Bg7 32. Qg4 Qd4 33. f4 Kf8 34. h5 Ne7 35. Bd3 Qf6 36.
Be4 Rd8 37. f5 exf5 38. Bxf5 Nxf5 39. Rxf5 Qxb2 40. Qf3 Qa2 41. Qf4 Qe6 42. Qb4+ Kg8 43. Qf4 Rd1+ 44. Kg2 Rd5 45. Rg5 Rxg5+ 46. Qxg5 Qe4+ 47.
Kg1 Kh7 48. a4 Bd4 49. Kf1 Qd3+ 50. Kg2 Qe4+ 51. Kf1 Qf3 52. Qh4 Qxf2+ 53. Qxf2 Bxf2 54. Kxf2 a6 55. Ke3 b5 56. a5 Kh6 57. Kd4 f5 58. Kc5 f4 59. Kb6 f3 60. Kxa6 f2 61.
Kb7 f1=Q 62. a6 Qg2+ 63. Kb6 b4 64. Kb5 b3 65. a7 b2 66. a8=Q Qxa8 0-1

[Event "*** SCC Grand Prix: Titled Tuesday Blitz"]
[Site "Chess.com"]
[Date "2020.06.02"]
[Round "3"]
[White "RitvarsReimanis"]
[Black "ajdemipopushi"]
[Result "1-0"]
[WhiteElo "2526"]
[BlackElo "2316"]
[TimeControl "180+1"]
[EndTime "10:30:15 PDT"]
[Termination "RitvarsReimanis won by checkmate"]

1. d4 Nf6 2. c4 c5 3. d5 b5 4.
cxb5 a6 5. bxa6 Bxa6 6. Nc3 g6 7. Nf3 Bg7 8. g3 d6 9. Bg2 Nbd7 10. Rb1 O-O 11. b3 Ra7 12. Bb2 Qa8 13. O-O Rc8 14.
Re1 Rb7 15. Ba1 Rb4 16. Bh3 Rc7 17.
e4 Ne8 18. a3 Rb8 19. Qc2 Ne5 20. Nxe5 Bxe5 21. Bf1 Rcb7 22. a4 Nc7 23. Bc4 Bxc4 24. bxc4 Rb4 25. Nb5 Nxb5 26. axb5 Rxb1 27. Qxb1 Qa4 28.
Bxe5 dxe5 29. Qd3 Qb4 30. Rb1 Qa4 31. Kg2 Ra8 32. b6 Qa2 33. b7 Rb8 34. Rb5 Kg7 35.
Qb3 Qe2 36. Rxc5 Qxe4+ 37. Qf3 Qxf3+ 38. Kxf3 Rxb7 39. Ke4 f6 40. Rc8 Rb4 41. Rc7 Kf8 42. g4 h6 43. h4 Rb2 44. g5 hxg5 45. hxg5 Rxf2 46. gxf6 Rxf6 47. Kxe5 Rf1 48. Ra7 Rc1 49. Kd4 Kf7 50. Ra3 g5 51. c5 Rd1+ 52. Ke4 Rc1 53. c6 Kf6 54. Rf3+ Kg6 55. Rf8 g4 56. Rg8+ Kf6 57.
Rxg4 Rc4+ 58. Kf3 Rc5 59. Rg8 Ke5 60. Rd8 e6 61. dxe6 Rxc6 62. e7 Re6 63. e8=Q Rxe8 64. Rxe8+ Kf6 65. Re4 Kf7 66. Kf4 Kf6 67. Re5 Kg6 68. Rf5 Kg7 69. Kg5 Kh7 70. Rf6 Kg8 71.
Kg6 Kh8 72. Rf8# 1-0

[Event "*** SCC Grand Prix: Titled Tuesday Blitz"]
[Site "Chess.com"]
[Date "2020.06.02"]
[Round "3"]
[White "MariaFominykh"]
[Black "pavelalexandru07"]
[Result "0-1"]
[WhiteElo "2299"]
[BlackElo "2116"]
[TimeControl "180+1"]
[EndTime "10:30:16 PDT"]
[Termination "pavelalexandru07 won on time"]

1. d4 Nf6 2. c4 c5 3. d5 e6 4.
Nc3 exd5 5. cxd5 d6 6. e4 g6 7. Nf3 a6 8. a4 Bg4 9. Be2 Bxf3 10. Bxf3 Bg7 11. O-O O-O 12. Bf4 Ne8 13. Qd2 Nd7 14. Bh6 Qa5 15. Bxg7 Kxg7 16. Be2 Rc8 17. f4 c4 18. Qd4+ Kg8 19. Bxc4 Qb4 20. b3 Nc5 21.
Na2 Nxb3 22. Nxb4 Nxd4 23. Bd3 Nf6 24. Rfe1 Rfe8 25. a5 Nd7 26. Rac1 Nc5 27. e5 Ndb3 28. Rb1 Nxa5 29. exd6 Rxe1+ 30. Rxe1 Rd8 31. Re7 Rxd6 32. Bc2 b5 33. Rc7 Nd7 34. Bb3 Nxb3 35. Nc6 Nbc5 36. Rc8+ Kg7 37. Ne7 b4 38. Rc6 Rxc6 39. dxc6 Nb6 40.
c7 b3 41. Nd5 b2 42. Nc3 Nca4 43. Nb1 Nc8 44. Kf2 Nab6 45. Ke3 Nd5+ 46. Kd4 Nxc7 47. Kc3 Ne6 48. g3 Nd6 49. Kxb2 Ne4 50. Na3 Nf2 51.
Nc4 Ng4 52. h3 Nf2 53. h4 Ne4 54. Ne5 Nxg3 55. Ng4 Nxf4 56. Ne5 f5 57. Nc6 Ng2 58. Nb8 Nxh4 59. Nxa6 f4 60. Nc5 f3 61. Nd3 g5 62.
Nf2 Nhf5 63. Kc3 h5 0-1

[Event "*** SCC Grand Prix: Titled Tuesday Blitz"]
[Site "Chess.com"]
[Date "2020.06.02"]
[Round "3"]
[White "Alexander_Donchenko"]
[Black "serhanberat_ozdemir"]
[Result "1/2-1/2"]
[WhiteElo "2693"]
[BlackElo "2528"]
[TimeControl "180+1"]
[EndTime "10:30:19 PDT"]
[Termination "Game drawn - insufficient material"]

1. e4 c5 2. Nc3 e6 3. Nf3 a6 4. d4 cxd4 5. Nxd4 b5 6. Be3 Bb7 7. f3 Qc7 8. Qd2 Nf6 9. O-O-O Bb4 10. Nde2 O-O 11. Kb1 d5 12. exd5 Nxd5 13. Nxd5 Bxd2 14. Nxc7 Bxe3 15. Nxa8 Bxa8 16. Nc3 b4 17. Ne4 Bd5 18. Bd3 a5 19. Rhe1 Bb6 20. Nd6 Rd8 21. Be4 Rxd6 22. Bxd5 Kf8 23. Be4 Bc7 24. Rxd6 Bxd6 25. h3 h5 26. Bd3 Nd7 27. c3 Ke7 28. Kc2 Nc5 29.
Bb5 h4 30. Rd1 g5 31. cxb4 axb4 32. Rd4 e5 33. Rxb4 Ne6 34. Kc3 Bxb4+ 35. Kxb4 Nf4 36.
Bf1 g4 37. hxg4 Nd5+ 38. Kc4 Ne3+ 39. Kd3 Nxf1 40. a4 Kd6 41. a5 Kc5 42. b4+ Kb5 43.
Ke2 Ng3+ 44. Ke3 f6 45. Kd3 Ka6 46. Ke3 Nf1+ 47. Ke2 Ng3+ 48. Kd3 Nf1 49. Ke2 Nh2 50. Kf2 e4 51. Ke2 Kb5 52. Kf2 Ka6 53. fxe4 Nxg4+ 54. Kf3 Ne5+ 55. Kf4 Nd3+ 56. Kf5 Nf2 57. Kxf6 Nxe4+ 58. Kf5 Nf2 59. Kf4 h3 60. gxh3 Nxh3+ 61. Ke4 Ng5+ 62. Kd4 Nf7 63. Kc5 Nd8 64. Kd6 Nf7+ 65.
Kc6 Nd8+ 66. Kc7 Nb7 67. Kc6 Nxa5+ 68. bxa5 Kxa5 1/2-1/2

[Event "*** SCC Grand Prix: Titled Tuesday Blitz"]
[Site "Chess.com"]
[Date "2020.06.02"]
[Round "3"]
[White "Munkhzul_Turmunkh"]
[Black "sorrm8thatscheckm8"]
[Result "1/2-1/2"]
[WhiteElo "2575"]
[BlackElo "2385"]
[TimeControl "180+1"]
[EndTime "10:30:20 PDT"]
[Termination "Game drawn by repetition"]

1. e4 c5 2. Nf3 Nc6 3. d4 cxd4 4. Nxd4 Nf6 5. Nc3 e5 6. Ndb5 d6 7. Bg5 a6 8. Na3 b5 9. Nd5 Be7 10. Bxf6 Bxf6 11. c3 Bg5 12. Nc2 Rb8 13. a4 bxa4 14. Ncb4 Nxb4 15. Nxb4 Bd7 16. Bxa6 O-O 17. O-O Qb6 18.
Bd3 g6 19. Bc2 Bb5 20. Re1 f5 21. Qd5+ Kh8 22. exf5 gxf5 23. Bxa4 Qc5 24. Bxb5 Qxd5 25. Nxd5 Rxb5 26. Nb4 Kg7 27. Red1 Rb6 28. Ra7+ Rf7 29. Ra8 Bf6 30. f3 Rfb7 31. Kf2 Be7 32. Rd5 Rb5 33.
Rxb5 Rxb5 34. Ra7 Kf6 35. Nd3 e4 36. Nf4 Rxb2+ 37. Kg3 Rd2 38. c4 Bd8 39. Nd5+ Ke6 40. Nf4+ Ke5 41. Rd7 Bg5 42. Nd5 f4+ 43. Kh3 e3 44.
Rg7 Bf6 45. Rg8 e2 46. Re8+ Kf5 47. g4+ fxg3 48. hxg3 Bd8 49. g4+ Kg6 50. Nf4+ Kf7 51. Rxe2 Rxe2 52. Nxe2 Bb6 53. Kg3 Ke6 54. f4 Bc5 55.
Kf3 Kf6 56. Ke4 h6 57. Ng3 Ba3 58. Nh5+ Kg6 59. Ng3 Kf6 60. Nf5 Kg6 61. Ne7+ Kf6 62. Nd5+ Kg6 63. Ne3 Kf6 64. Nf5 Kg6 65. Ng3 Kf6 1/2-1/2

[Event "*** SCC Grand Prix: Titled Tuesday Blitz"]
[Site "Chess.com"]
[Date "2020.06.02"]
[Round "3"]
[White "Konek-Gorbunok"]
[Black "ENEASZ"]
[Result "1-0"]
[WhiteElo "2306"]
[BlackElo "2491"]
[TimeControl "180+1"]
[EndTime "10:30:20 PDT"]
[Termination "Konek-Gorbunok won on time"]

1. d4 d5 2. Nf3 Nf6 3. g3 Bf5 4. Bg2 e6 5. O-O h6 6. c4 c6 7. Nc3 Be7 8. Nd2 O-O 9. e4 dxe4 10. Ndxe4 Nxe4 11. Nxe4 Nd7 12. Be3 Nf6 13. Nc3 Qa5 14.
Qb3 Qb4 15. Qxb4 Bxb4 16. Rfd1 Rfd8 17. h3 Rd7 18. Rac1 Rad8 19. a3 Ba5 20. g4 Bg6 21.
Rd2 Ne4 22. Nxe4 Bxe4 23. b4 Bxg2 24. Kxg2 Bc7 25. Rcd1 a6 26. Kf3 Kh7 27. Ke4 g6 28. Kd3 Kg7 29. Kc3 g5 30. Kd3 f5 31. f3 Kg6 32. Kc2 h5 33. gxf5+ Kxf5 34. Rg2 Rg7 35. Rdg1 Bf4 36. Bf2 Rdd7 37. Re1 b5 38. Kd3 Rd8 39. Kc3 bxc4 40. Kxc4 Rd5 41. Re4 Rgd7 42. Bg1 a5 43. Bf2 axb4 44. axb4 Rb7 45. Be1 e5 46. Bc3 exd4 47.
Rxd4 Rxd4+ 48. Bxd4 Bd6 49. Rb2 Kf4 50. Rb3 h4 51. Bc5 Be5 52. Bf2 Rb5 53. Rb1 Kf5 54.
Rb3 Bd6 55. Bc5 Bxc5 56. bxc5 Rxb3 57. Kxb3 Kf4 58. Kb4 Kxf3 59. Ka5 g4 60. hxg4 h3 61. Kb6 h2 62. Kxc6 h1=Q 63. Kb7 Ke3+ 64. c6 Kd4 65. Kb6 1-0

[Event "*** SCC Grand Prix: Titled Tuesday Blitz"]
[Site "Chess.com"]
[Date "2020.06.02"]
[Round "3"]
[White "SantoBlue"]
[Black "AndrewMaco"]
[Result "0-1"]
[WhiteElo "2779"]
[BlackElo "2619"]
[TimeControl "180+1"]
[EndTime "10:30:23 PDT"]
[Termination "AndrewMaco won by checkmate"]

1. e4 c6 2. d4 d5 3. Nc3 dxe4 4. Nxe4 Nf6 5. Qd3 Nxe4 6. Qxe4 Qa5+ 7. c3 Bf5 8. Qe2 Nd7 9. Nf3 O-O-O 10. b4 Qd5 11. c4 Qe4 12. Qxe4 Bxe4 13. Ng5 Bg6 14. Be3 e5 15. a3 exd4 16. Bxd4 Be7 17. Nf3 Bf6 18.
O-O-O a5 19. Be2 axb4 20. axb4 Bxd4 21. Nxd4 c5 22. bxc5 Nxc5 23. Bg4+ Kc7 24. Nb5+ Kb6 25. Be2 Ne4 26. Rxd8 Rxd8 27. f3 Nc5 28. Nc3 Kc6 29. Nd5 Nb3+ 30. Kb2 Nd4 31. Bd1 Kc5 32. Ne3 Re8 33. Re1 Nf5 34. Nc2 Rxe1 35. Nxe1 Ne3 36. Bb3 Nxc4+ 37. Kc3 Nd6 38. h4 b5 39. g4 b4+ 40. Kd2 Nc4+ 41. Ke2 h6 42. Ng2 Kd4 43. h5 Bb1 44. Nf4 g5 45. hxg6 fxg6 46. Ne6+ Kc3 47. Nc5 Bc2 48. Bxc4 Kxc4 49. Nb7 b3 50. Na5+ Kc3 51.
Nxb3 Bxb3 52. Ke3 g5 53. f4 Kc4 54. Ke4 Bc2+ 55. Ke5 gxf4 56. Kxf4 Kd5 57. g5 h5 58.
Kg3 Ke6 59. Kh4 Bg6 60. Kg3 Kf5 61. Kh4 Kf4 62. Kh3 Kxg5 63. Kg3 h4+ 64. Kh3 Bf5+ 65. Kg2 Kg4 66. Kh2 h3 67. Kg1 Kg3 68. Kh1 Be4+ 69. Kg1 h2+ 70. Kf1 h1=Q+ 71. Ke2 Qf3+ 72. Ke1 Qf2+ 73.
Kd1 Kf3 74. Kc1 Qc2# 0-1

[Event "*** SCC Grand Prix: Titled Tuesday Blitz"]
[Site "Chess.com"]
[Date "2020.06.02"]
[Round "3"]
[White "Crazy_girl99"]
[Black "aleksa74"]
[Result "0-1"]
[WhiteElo "2415"]
[BlackElo "2668"]
[TimeControl "180+1"]
[EndTime "10:30:24 PDT"]
[Termination "aleksa74 won by resignation"]

1. e4 c6 2. d4 d5 3. e5 Bf5 4. h4 h5 5. c4 e6 6. Nc3 Nd7 7. Nge2 Ne7 8. Ng3 Bg6 9. Bg5 dxc4 10. Bxc4 Qb6 11. O-O Nf5 12. Nxf5 Bxf5 13. Na4 Qc7 14. Rc1 Nb6 15. Bb3 Be7 16. Nxb6 axb6 17. d5 exd5 18. Bxd5 Bxg5 19. hxg5 Kf8 20. Bb3 Qxe5 21. Re1 Qc7 22. Qf3 Bg6 23. Rcd1 Rd8 24. Rxd8+ Qxd8 25. Qf4 Kg8 26.
Rd1 Qe8 27. Qc7 Kh7 28. Rd7 Qe1+ 29. Kh2 Qxf2 30. Bxf7 Qh4+ 31. Kg1 Qe1+ 32. Kh2 Qh4+ 33. Kg1 Qxg5 34. Bc4 Be4 35. Bf1 Rf8 36. Rf7 Rxf7 37.
Qxf7 Qe3+ 38. Kh2 Bg6 39. Qxb7 Qe5+ 40. Kg1 Qd4+ 41. Kh2 Qxb2 42. Qxc6 Qf2 43. Qf3 Qxf3 44. gxf3 Bb1 45. a3 Kg6 46. Kg3 Kf6 47. f4 g6 48. Bb5 Ke6 49. Be8 Bf5 50. Kh4 Kf6 51.
Bb5 Ke7 52. Kg5 Kd6 53. Be8 Kd5 54. Bxg6 Bxg6 55. Kxg6 h4 56. f5 h3 57. f6 h2 58. f7 h1=Q 59. f8=Q Qg2+ 60. Kh5 Qh3+ 61. Kg5 Qg3+ 62. Kh5 Qe5+ 63. Kh4 Qd4+ 64. Kg3 Qc5 65.
Qf5+ Kc4 66. Qc2+ Kb5 67. Qb3+ Ka5 68. Kf3 Qd4 69. Ke2 b5 70. Qd3 Qb2+ 71. Qd2+ Qxd2+ 72. Kxd2 Ka4 73. Kc1 Kxa3 74. Kb1 Kb3 75. Ka1 b4 76.
Kb1 Ka3 77. Ka1 b3 78. Kb1 b2 0-1

[Event "*** SCC Grand Prix: Titled Tuesday Blitz"]
[Site "Chess.com"]
[Date "2020.06.02"]
[Round "3"]
[White "elegant285"]
[Black "Gennady_Kozlov"]
[Result "0-1"]
[WhiteElo "2367"]
[BlackElo "2568"]
[TimeControl "180+1"]
[EndTime "10:30:24 PDT"]
[Termination "Gennady_Kozlov won by resignation"]

1. d4 e6 2. c4 b6 3. a3 Bb7 4.
Nc3 Nf6 5. d5 Be7 6. e4 d6 7.
Bd3 e5 8. Nge2 a5 9. O-O Na6 10. Rb1 Nc5 11. Bc2 O-O 12. b4 axb4 13. axb4 Ncd7 14. f3 Ba6 15. Bd3 Re8 16. Be3 Nf8 17. Ra1 Ng6 18. Ra3 Nh5 19. Qd2 Bb7 20. Rfa1 Rxa3 21.
Rxa3 h6 22. Ra7 Qb8 23. Ra2 Nh4 24. Nb5 Qc8 25. Qe1 Ng6 26. Qf2 Bg5 27. c5 bxc5 28. bxc5 dxc5 29. Bxg5 hxg5 30. Qxc5 Nhf4 31. Nxf4 Nxf4 32.
Bf1 Qd7 33. Qxc7 Qxc7 34. Nxc7 Rc8 35. d6 Bc6 36. Ba6 Rd8 37. Rd2 Kf8 38. Bb5 Bxb5 39. Nxb5 f6 40. Nc7 Kf7 41. Kf2 Rd7 42. Nb5 Ne6 43. Ke3 Nc5 44. g3 Ke6 45. Rc2 Nb7 46.
Rc7 Nxd6 47. Rxd7 Kxd7 48. Nc3 Ke6 49. Nd5 Nc4+ 50. Kd3 Nb2+ 51. Kc2 Nc4 52. Kd3 Nd6 53. Ke3 f5 54. Nc7+ Kd7 55. Nd5 f4+ 56. gxf4 gxf4+ 57. Kf2 Ke6 58. Nc3 Nc4 59. Kg2 Kf6 60. Kh3 Kg5 61.
Nd5 Nd6 62. Kg2 Ne8 63. Ne7 Kf6 64. Nf5 g6 65. Nh6 Ke6 66. Ng4 Nd6 67. Kh3 Nc4 68. Kh4 Nd2 69. Kg5 Nxf3+ 70. Kxg6 Nd2 71. Nf2 f3 72. h4 Nxe4 73. Nxe4 Kd5 74. Nf2 e4 75.
Kf5 e3 76. Ng4 e2 77. Ne3+ Kc6 78. Nc2 f2 79. Nd4+ Kd7 80. Nxe2 f1=Q+ 81. Nf4 Qf2 82.
h5 Ke7 83. h6 Kf7 84. Kg5 Qg3+ 85. Kf5 Qh4 86. Ng6 Qh5+ 0-1

[Event "*** SCC Grand Prix: Titled Tuesday Blitz"]
[Site "Chess.com"]
[Date "2020.06.02"]
[Round "3"]
[White "Xeniya2005"]
[Black "LizaSolovyova"]
[Result "1-0"]
[WhiteElo "2303"]
[BlackElo "2488"]
[TimeControl "180+1"]
[EndTime "10:30:28 PDT"]
[Termination "Xeniya2005 won on time"]

1. e4 e5 2. Nf3 d6 3. Nc3 c6 4. d4 Qe7 5. Be3 h6 6. Bd3 Nf6 7. h3 Qc7 8. Qd2 Be7 9. O-O g5 10. Nh2 Nbd7 11. Rae1 Nf8 12. dxe5 dxe5 13. f3 Be6 14.
Qf2 b6 15. Rd1 Ng6 16. Ng4 Nxg4 17. fxg4 Nf4 18. Ba6 h5 19. gxh5 Rxh5 20. Qf3 Rh4 21. Kh2 Bxh3 22. gxh3 Rxh3+ 23. Qxh3 Nxh3 24. Kxh3 Rd8 25. Kg3 Rxd1 26. Rxd1 f6 27. a4 Bc5 28. Bxc5 bxc5 29.
Bc4 Qh7 30. Ne2 Qh4+ 31. Kf3 g4+ 32. Ke3 Qh3+ 33. Kf2 Qh2+ 34. Ke3 g3 35. Be6 g2 36. Bf5 c4 37. Rg1 Ke7 38. Kf2 Qh4+ 39. Kxg2 Qg5+ 40. Kf2 Qd2 41. c3 Qxb2 42. Rg7+ Kf8 43. Rd7 Qb3 44.
a5 a6 45. Kf3 Qb5 46. Rd6 Qxa5 47. Rxf6+ Kg7 48. Rxc6 Qa4 49. Rc7+ Kf6 50. Ng3 Qd1+ 51. Kg2 Qd2+ 52. Kh3 Qxc3 53. Kh4 Qe1 54. Kg4 Qd1+ 55. Kh4 Qe1 56. Rxc4 Ke7 57. Rc7+ Kd6 58. Ra7 a5 59. Kg4 Kc5 60. Rc7+ Kb4 61. Rb7+ Ka3 62. Kf3 a4 63. Ne2 Qf1+ 64. Ke3 Qe1 65. Be6 1-0